 Dungeon Crawl Stone Soup version 0.23.2 (webtiles) character file.

Game seed: 8702761208760642261

128 Llamajah the Ducker (level 4, 0/34 HPs)
             Began as a Demonspawn Gladiator on June 13, 2019.
             Slain by an orc priest
             ... wielding a +0 mace
              (9 damage)
             ... on level 4 of the Dungeon.
             The game lasted 00:04:00 (2289 turns).

Llamajah the Ducker (Demonspawn Gladiator)          Turns: 2289, Time: 00:04:01

Health: 0/34       AC: 11    Str: 23    XL:     4   Next: 87%
Magic:  4/4        EV: 13    Int:  9    God:
Gold:   85         SH:  0    Dex: 14    Spells: 3/3 levels left

rFire    . . .     SeeInvis .   a - +0 long sword
rCold    . . .     Gourm    .   (no shield)
rNeg     . . .     Faith    .   b - +0 leather armour
rPois    .         Spirit   .   c - +0 helmet
rElec    .         Reflect  .   l - +2 cloak of the Scribe {rCorr Str+7}
rCorr    +         Harm     .   (no gloves)
MR       .....                  (no boots)
Stlth    +.........             (no amulet)
HPRegen  0.11/turn              o - +4 ring of protection
MPRegen  0.09/turn              (no ring)

@: no status effects
A: powered by death 2
a: no special abilities


You were on level 4 of the Dungeon.
You were not hungry.

You visited 1 branch of the dungeon, and saw 3 of its levels.

You collected 85 gold pieces.

Inventory:

Hand Weapons
 a - a +0 long sword (weapon)
Missiles
 d - 3 throwing nets (quivered)
Armour
 b - a +0 leather armour (worn)
 c - a +0 helmet (worn)
 l - the +2 cloak of the Scribe (worn) {rCorr Str+7}
   (You found it on level 4 of the Dungeon)

   It affects your strength (+7).
   It provides partial protection from all sources of acid and corrosion.
Jewellery
 o - a +4 ring of protection (left hand)
Scrolls
 e - 3 scrolls of teleportation {unknown}
 h - a scroll of enchant weapon {unknown}
 i - a scroll of fear {unknown}
 j - 3 scrolls of identify {unknown}
 m - 2 scrolls of random uselessness {unknown}
 r - a scroll of enchant armour {unknown}
 u - 2 scrolls of fog {unknown}
 v - a scroll of blinking {unknown}
Potions
 g - a potion of brilliance {unknown}
 k - a potion of lignification {unknown}
 n - a potion of might {unknown}
 p - 2 potions of degeneration {unknown}
 q - 2 potions of curing {unknown}
 s - a potion of mutation {unknown}
Comestibles
 f - 3 rations
 t - 10 chunks of flesh


   Skills:
 + Level 2.7 Fighting
 + Level 3.2 Long Blades
 + Level 2.3 Throwing
 + Level 1.4 Armour
 * Level 3.7 Dodging


You had 3 spell levels left.
You didn't know any spells.
Your spell library contained the following spells:

 Spells                   Type           Power        Failure   Level  Hunger
 Confusing Touch          Hex            #.....       43%         1    ##.....
 Confuse                  Hex            #.......     80%         3    ####...
 Gell's Gravitas          Tloc           #.........   80%         3    ####...
 Petrify                  Tmut/Erth      #.......     99%         4    #####..
 Metabolic Englaciation   Hex/Ice        #.........   100%        5    ######.
 Yara's Violent Unravell  Hex/Tmut       #.........   100%        5    ######.


Dungeon Overview and Level Annotations

Branches:
Dungeon (2/15)

Altars:
Hepliaklqana
Uskayaw


Innate Abilities, Weirdness & Mutations

You regenerate health from kills.


Message History

The orc priest is heavily wounded.
The orc priest closely misses you.
The orc wizard gestures wildly while chanting.
The orc wizard blinks!
You closely miss the orc priest.
The orc priest is heavily wounded.
The orc wizard closely misses you.
You riposte.
You slash the orc wizard!
The orc wizard is heavily wounded.
The orc priest hits you but does no damage.
The orc wizard casts a spell at you. The magic dart hits you.
You barely miss the orc priest.
The orc priest is heavily wounded.
The orc wizard barely misses you.
The orc priest calls down the wrath of Beogh upon you.
Pain shoots through your body!
* * * LOW HITPOINT WARNING * * *
The orc wizard hits you but does no damage.
The orc priest hits you with a +0 mace!
You die...

# #.# # #.#
# #.#
###### #
#o# #....#
# #o#
#.##.# #
#o#
#.##.#####
#o#
#.##......
#@#
#.########
#o# #.# #.#
#.#
#.#######.#
#.........#
#.#########
#.# ###


You could see an orc priest, an orc wizard and 3 orcs.

Vanquished Creatures
  A hound (D:4)
  An orc wizard (D:4)
  2 adders
  A dart slug (D:1)
  A leopard gecko (D:2)
  3 orcs (D:4)
  3 giant cockroaches
  6 goblins
  6 hobgoblins
  9 jackals
  8 kobolds
  A bat (D:1)
  4 frilled lizards
  4 rats
50 creatures vanquished.

Notes
Turn   | Place    | Note
-------+----------+-------------------------------------------
     0 | D:1      | Llamajah the Demonspawn Gladiator began the quest for the
                  | Orb.
     0 | D:1      | Reached XP level 1. HP: 16/16 MP: 1/1
   360 | D:1      | Gained mutation: You regenerate a little health from kills.
                  | [demonic ancestry]
   360 | D:1      | Reached XP level 2. HP: 14/22 MP: 2/2
  1247 | D:2      | Found a hazy altar of Hepliaklqana.
  1274 | D:2      | Gained mutation: You regenerate health from kills. [demonic
                  | ancestry]
  1274 | D:2      | Reached XP level 3. HP: 28/28 MP: 3/3
  1326 | D:2      | Reached skill level 1 in Armour
  2004 | D:2      | You fall through a shaft for 2 floors!
  2016 | D:4      | Got a crude cloak
  2022 | D:4      | Identified the +2 cloak of the Scribe {rCorr Str+7} (You
                  | found it on level 4 of the Dungeon)
  2048 | D:4      | Found a hide-covered altar of Uskayaw.
  2146 | D:4      | Reached XP level 4. HP: 33/34 MP: 4/4
  2289 | D:4      | Slain by an orc priest

Skill      XL: |  1  2  3 |
---------------+----------+-----
Dodging        | 3 |  3.7
Throwing       | 2 |  2.3
Long Blades    | 3 |  3.2
Armour         | 1 |  1.4
Fighting       | |  2.7

Action                   |  1- 3 |  4- 6 || total
-------------------------+-------+-------++-------
Melee: Long sword        |   141 |    21 ||   162
  Eat: Chunk             |     3 |     2 ||     5
Armor: Leather armour    |    62 |    12 ||    74
Dodge: Dodged            |   107 |    15 ||   122
       Rpst.: Long sword |    41 |     5 ||    46
